 Dungeon Crawl Stone Soup version 0.30-a0-632-g346586fe48 (webtiles) character file.

Game seed: 2420060563602961769

86 bmack86 the Shield-Bearer (level 4, -2/40 HPs)
             Began as a Minotaur Fighter on Jan 14, 2023.
             Killed by divine providence
             ... invoked by an orc priest
              (9 damage)
             ... on level 3 of the Dungeon.
             The game lasted 00:04:21 (2210 turns).

bmack86 the Shield-Bearer (Minotaur Fighter)        Turns: 2210, Time: 00:04:22

Health: -2/40      AC: 12    Str: 23    XL:     4   Next: 26%
Magic:  12/12      EV:  7    Int:  5    God:
Gold:   94         SH:  4    Dex:  9    Spells: 3/3 levels left

rFire   . . .      SeeInvis .    a - +0 war axe
rCold   . . .      Faith    .    c - +0 buckler
rNeg    . . .      Spirit   .    f - +0 chain mail
rPois   .          Reflect  .    (helmet restricted)
rElec   .          Harm     .    (no cloak)
rCorr   .          Rampage  .    m - +2 pair of gloves
Will    .....                    (no boots) Stlth
                                 (no amulet)
HPRegen 0.26/turn                e - ring of magical power
MPRegen 0.13/turn                (no ring)

@: no status effects
A: horns 2, retaliatory headbutt
a: no special abilities


You were on level 3 of the Dungeon.
You visited 1 branch of the dungeon, and saw 3 of its levels.

You collected 94 gold pieces.

Inventory:

Hand Weapons
 a - a +0 war axe (weapon)
Missiles
 g - 5 boomerangs (quivered)
Armour
 c - a +0 buckler (worn)
 f - a +0 chain mail (worn)
 m - a +2 pair of gloves (worn)
Jewellery
 e - a ring of magical power (left hand)
Scrolls
 h - a scroll of vulnerability {unknown}
Potions
 d - 2 potions of might
 j - a potion of attraction {unknown}
 k - a potion of flight {unknown}


   Skills:
 + Level 4.1 Fighting
 * Level 3.8 Axes
 + Level 0.7 Throwing
 + Level 4.2 Armour
 + Level 4.2 Shields


You had 3 spell levels left.
You didn't know any spells.
Your spell library was empty.

Dungeon Overview and Level Annotations

Branches:
Dungeon (3/15)

Altars:
Ru


Innate Abilities, Weirdness & Mutations

You have a pair of horns on your head.
You reflexively headbutt those who attack you in melee.


Message History

The orc priest hits you but does no damage.
The orc barely misses you. The orc wizard completely misses you.
You bump into the rock wall.
The dart slug launches a dart at you.
The slug dart hits you but does no damage.
The orc wizard closely misses you. The orc closely misses you.
The orc priest barely misses you.
You barely miss the orc priest. Your headbutt misses the orc priest.
You barely miss the orc. You hit the dart slug. You slash the orc wizard!
The orc wizard hits you with a +0 dagger.
* * * LOW HITPOINT WARNING * * *
The orc hits you but does no damage.
The orc priest hits you but does no damage.
The dart slug launches a dart at you.
The slug dart hits you but does no damage.
You bump into the rock wall.
You feel less confused. The orc wizard barely misses you.
The orc hits you with a +0 club.
* * * LOW HITPOINT WARNING * * *
You block the orc priest's attack. You block the dart slug's attack.
You hit the orc priest but do no damage.
Your headbutt misses the orc priest. You closely miss the orc wizard.
You hit the orc but do no damage. You hit the dart slug.
The orc wizard hits you with a +0 dagger.
* * * LOW HITPOINT WARNING * * *
The orc completely misses you.
The orc priest calls upon Beogh to heal the orc.
The orc's wounds heal themselves!
The dart slug launches a dart at you. You block the slug dart.
You completely miss the orc priest. Your headbutt misses the orc priest.
You hit the orc.
You kill the orc!
You hit the dart slug.
You kill the dart slug!
You closely miss the orc wizard. You block the orc priest's attack.
The orc wizard hits you but does no damage.
The orc priest invokes the aid of Beogh against you.
Beogh smites you!
You die...

. #.+#.#.....†...#
#.#..............#
#........#.......#
(.#..............#
......#.....<...(#
##.._..$.#..###.##
.....##..#..# #.#
.....##.o...# #.#
#.....)@#...#
.#.....o##..#
#.##...##...#
..... ..# ####..
.. ... .. ##.. #?.


You could see an orc priest and an orc wizard.

Vanquished Creatures
  4 adders
  A worm (D:2)
  A dart slug (D:3)
  3 orcs (D:3)
  2 bats
  4 endoplasms
  2 giant cockroaches (D:2)
  2 goblins (D:1)
  5 hobgoblins
  2 jackals (D:1)
  2 kobolds
  4 quokkas
  2 ball pythons (D:1)
  11 frilled lizards (D:1)
  2 rats (D:2)
47 creatures vanquished.

Notes
Turn   | Place    | Note
-------+----------+-------------------------------------------
     0 | D:1      | bmack86 the Minotaur Fighter began the quest for the Orb.
     0 | D:1      | Reached XP level 1. HP: 19/19 MP: 0/0
   161 | D:1      | Reached XP level 2. HP: 27/27 MP: 1/1
   939 | D:1      | You fall into a shaft and drop 1 floor!
   939 | D:2      | Found a sacrificial altar of Ru.
  1046 | D:2      | Reached XP level 3. HP: 27/33 MP: 2/2
  2181 | D:3      | Reached XP level 4. HP: 31/40 MP: 3/3
  2185 | D:3      | Found a faded altar of an unknown god.
  2210 | D:3      | Killed from afar by an orc priest

Illustrated notes

Levels and vault maps discovered:
D:1:      dpeg_arrival_short_road, layout_basic, interstate_on_off,
          grunt_decor_junction, kennysheep_pointless_box, nicolae_hexahallways,
          chequers_serial_rivers_micro_e, minmay_lizard_pond
D:2:      layout_basic, basic_altar
D:3:      layout_rooms, nicolae_gozag_cash_rules_everything_around_me,
          hellmonk_ecumenical_altar_blasted, minmay_checkerbox

Skill      XL: |  1  2  3 |
---------------+----------+-----
Axes           | 3 |  3.8
Shields        | 4 |  4.2
Armour         | 4 |  4.2
Fighting       | 4 |  4.1
Throwing       | |  0.7

Action                   |  1- 3 |  4- 6 || total
-------------------------+-------+-------++-------
Melee: War axe           |    75 |     7 ||    82
       Headbutt          |     8 |       ||     8
  Use: Scroll            |     3 |       ||     3
       Potion            |       |     1 ||     1
Armor: Scale mail        |     2 |       ||     2
       Chain mail        |    57 |    13 ||    70
Dodge: Dodged            |    36 |    13 ||    49
Block: Buckler           |    19 |     6 ||    25

Table legend: (Time is in decaauts)
 A = Elapsed time spent in this place.
 B = Non-inter-level travel time spent in this place.
 C = Inter-level travel time spent in this place.
 D = Time resting spent in this place.
 E = Time spent auto-exploring this place.
 F = Levels seen in this place.
 G = Mean time per level.
                   A        B        C        D        E       F      G
               +--------+--------+--------+--------+--------+-----+--------+
         Total |   2239 |   2206 |     33 |      0 |   1547 |   3 |  746.3 |
       Dungeon |   2239 |   2206 |     33 |      0 |   1547 |   3 |  746.3 |
               +--------+--------+--------+--------+--------+-----+--------+

Top non-repeatable levels by time:
     D:1: 1159 daAuts
     D:2: 1028 daAuts
     D:3: 50 daAuts
